 Dungeon Crawl Stone Soup version 0.27-a0-1281-ge233d83751 (webtiles) character file.

Game seed: 84823448440657333

20 zezblit the Stinger (level 2, -2/19 HPs)
             Began as a Demonspawn Venom Mage on June 13, 2021.
             Slain by a goblin (3 damage)
             ... on level 1 of the Dungeon.
             The game lasted 00:04:26 (542 turns).

zezblit the Stinger (Demonspawn Venom Mage)          Turns: 542, Time: 00:04:26

Health: -2/19      AC:  4    Str:  8    XL:     2   Next: 58%
Magic:  0/5        EV: 12    Int: 16    God:
Gold:   0          SH:  0    Dex: 13    Spells: 4/5 levels left

rFire    . . .     SeeInvis .   g - +0 short sword
rCold    . . .     Faith    .   (no shield)
rNeg     . . .     Spirit   .   a - +0 robe
rPois    .         Reflect  .   (no helmet)
rElec    .         Harm     .   (no cloak)
rCorr    .         Rampage  .   (no gloves)
Will     .....                  (no boots)
Stlth    ++........             (no amulet)
HPRegen  0.06/turn              (no ring)
MPRegen  0.09/turn              (no ring)

@: no status effects
A: yellow scales 1
a: no special abilities


You were on level 1 of the Dungeon.
You visited 1 branch of the dungeon, and saw 2 of its levels.

Inventory:

Hand Weapons
 b - a +0 dagger
 g - a +0 short sword (weapon)
Armour
 a - a +0 robe (worn)
Scrolls
 c - a scroll of teleportation {unknown}
 d - a scroll of identify {unknown}
 e - a scroll of vulnerability {unknown}
 h - 2 scrolls of magic mapping
 i - a scroll of noise {unknown}
Potions
 f - a potion of attraction {unknown}


   Skills:
 + Level 1.8 Dodging
 + Level 2.0 Stealth
 + Level 2.0 Spellcasting
 + Level 1.1 Transmutations
 * Level 3.6 Poison Magic


You had 4 spell levels left.
You knew the following spells:

 Your Spells              Type           Power      Damage    Failure   Level
a - Sting                 Tmut/Pois      36%        1d4       8%          1

Your spell library contained the following spells:

 Spells                   Type           Power      Damage    Failure   Level
 Poisonous Vapours        Pois/Air       14%        N/A       14%         2
 Ignite Poison            Fire/Tmut/Pois 6%         N/A       32%         3
 Mephitic Cloud           Conj/Pois/Air  5%         N/A       36%         3
 Olgreb's Toxic Radiance  Pois           13%        N/A       41%         4


Dungeon Overview and Level Annotations

Branches:
Dungeon (2/15)

Altars:


Innate Abilities, Weirdness & Mutations

You are partially covered in yellow scales. (AC +2)


Message History

As you read the scroll labelled JOTHROZX SEUSH, it crumbles to dust.
You feel aware of your surroundings.
It was a scroll of magic mapping.
The jackal bites you but does no damage.
The jackal closely misses you.
You don't have enough magic to cast this spell.
The jackal bites you but does no damage.
Found an escape hatch in the floor.
You closely miss the jackal.
The jackal bites you but does no damage.
The goblin closely misses you. The jackal closely misses you.
You hit the jackal but do no damage. The jackal closely misses you.
The goblin barely misses you.
You closely miss the jackal.
The jackal bites you but does no damage.
The goblin hits you with a +0 club.
* * * LOW HITPOINT WARNING * * *
The jackal barely misses you.
You hit the jackal.
The jackal is moderately wounded.
The jackal barely misses you. The goblin misses you.
Aiming: Sting (safe; 8% risk of failure)
Press: ? - help, Q - select action Shift-Dir - straight line, f - jackal
Aim: a jackal (moderately wounded, 60% to hit)
The sting hits the jackal.
The jackal is poisoned.
The jackal is severely wounded.
The jackal bites you but does no damage.
The goblin hits you but does no damage. The jackal barely misses you.
You closely miss the jackal.
The jackal is severely wounded.
The jackal bites you.
* * * LOW HITPOINT WARNING * * *
The goblin hits you with a +0 club.
* * * LOW HITPOINT WARNING * * *
The jackal misses you.
You closely miss the jackal.
The jackal is almost dead.
You kill the jackal!
You don't have enough magic to cast this spell.
The goblin hits you with a +0 club.
You die...

..###### #..............##..####
.......####..............###.##..
...h..........................>..
..####†####..............######..
.** #.†####............##### ##.
,.#####..# ##.........†.....####.
S........##################.....#
..######....###################..
,,* ##...†.gg@.........***####
,,* ####..............,,.[.* ,**
###.....>...#.###.#.#* **
****#..........#.....#...
*********,,..........###.#.#.###.
,,,,,,,,,,####.......#.........#.
*,********* #####.###.#.#.#.#.##
,,* #.......#.#..... ,**
###.#.###.###.#.


You could see a hobgoblin and a goblin.

Vanquished Creatures
  A dart slug (D:1)
  4 endoplasms (D:1)
  A giant cockroach (D:1)
  A goblin (D:2)
  A hobgoblin (D:1)
  4 jackals (D:1)
  A kobold (D:1)
  A bat (D:1)
14 creatures vanquished.

Notes
Turn   | Place    | Note
-------+----------+-------------------------------------------
     0 | D:1      | zezblit the Demonspawn Venom Mage began the quest for the
                  | Orb.
     0 | D:1      | Reached XP level 1. HP: 13/13 MP: 3/3
    51 | D:1      | Reached skill level 1 in Transmutations
   371 | D:1      | Gained mutation: You are partially covered in yellow
                  | scales. (AC +2) [demonic ancestry]
   371 | D:1      | Reached XP level 2. HP: 19/19 MP: 1/5
   472 | D:1      | Found a faded altar of an unknown god.
   542 | D:1      | Slain by a goblin

Illustrated notes

Levels and vault maps discovered:
D:1:      roderic_chinese_lattice_arrival, layout_rooms, serial_glass,
          glass_columns_c, glass_columns_a, ebering_ecumenical_altar_abandoned
D:2:      layout_rooms

Skill      XL: |  1  2 |
---------------+-------+-----
Transmutations | 1 |  1.1
Stealth        | 2 |  2.0
Dodging        | |  1.8
Spellcasting   | |  2.0
Poison Magic   | |  3.6

Action                   || total
-------------------------++-------
Melee: Dagger            ||     5
       Short sword       ||    21
 Cast: Sting             ||    21
  Use: Scroll            ||     1
Armor: Robe              ||    17
Dodge: Dodged            ||    38

Table legend: (Time is in decaauts)
 A = Elapsed time spent in this place.
 B = Non-inter-level travel time spent in this place.
 C = Inter-level travel time spent in this place.
 D = Time resting spent in this place.
 E = Time spent auto-exploring this place.
 F = Levels seen in this place.
 G = Mean time per level.
                   A        B        C        D        E       F      G
               +--------+--------+--------+--------+--------+-----+--------+
         Total |    545 |    543 |      2 |    249 |    142 |   2 |  272.5 |
       Dungeon |    545 |    543 |      2 |    249 |    142 |   2 |  272.5 |
               +--------+--------+--------+--------+--------+-----+--------+

Top non-repeatable levels by time:
     D:1: 519 daAuts
     D:2: 25 daAuts
